 Dungeon Crawl Stone Soup version 0.28-a0-245-g639a1a48b9 (webtiles) character file.

Game seed: 9936789765838580579

102 thedisplayname the Chopper (level 4, -1/40 HPs)
             Began as a Hill Orc Fighter on Aug 24, 2021.
             Slain by Terence (4 damage)
             ... on level 3 of the Dungeon.
             The game lasted 00:03:55 (3160 turns).

thedisplayname the Chopper (Hill Orc Fighter)       Turns: 3160, Time: 00:03:55

Health: -1/40      AC:  8    Str: 19    XL:     4   Next: 78%
Magic:  4/4        EV:  7    Int:  8    God:
Gold:   107        SH:  8    Dex: 10    Spells: 3/3 levels left

rFire   . . .      SeeInvis .   a - +0 war axe
rCold   . . .      Faith    .   c - +0 kite shield
rNeg    . . .      Spirit   .   b - +0 scale mail
rPois   .          Reflect  .   (no helmet)
rElec   .          Harm     .   (no cloak)
rCorr   .          Rampage  .   h - +0 pair of gloves
Will    .....                   (no boots)
Stlth   ..........              (no amulet)
HPRegen 0.13/turn               (no ring)
MPRegen 0.09/turn               (no ring)

@: no status effects
A: no striking features
a: no special abilities


You were on level 3 of the Dungeon.
You visited 1 branch of the dungeon, and saw 3 of its levels.

You collected 107 gold pieces.

Inventory:

Hand Weapons
 a - a +0 war axe (weapon)
Missiles
 k - a throwing net (quivered)
Armour
 b - a +0 scale mail (worn)
 c - a +0 kite shield (worn)
 h - a +0 pair of gloves (worn)
Magical Staves
 j - a staff of earth
Jewellery
 d - a +6 ring of dexterity
Scrolls
 e - a scroll of teleportation
 g - a scroll of enchant armour {unknown}
 i - a scroll of identify
 n - a scroll of amnesia {unknown}
Potions
 f - 4 potions of lignification
 l - a potion of haste {unknown}
 m - a potion of might
 o - a potion of magic {unknown}


   Skills:
 + Level 4.3 Fighting
 * Level 4.5 Axes
 - Level 3.9 Armour
 + Level 3.9 Shields


You had 3 spell levels left.
You didn't know any spells.
Your spell library contained the following spells:

 Spells                   Type           Power      Damage    Failure   Level
 Corona                   Hex            0%         N/A       99%         1
 Ensorcelled Hibernation  Hex/Ice        0%         N/A       100%        2
 Tukima's Dance           Hex            0%         N/A       100%        3


Dungeon Overview and Level Annotations

Branches:
Dungeon (3/15)

Altars:

Annotations:
D:3 Terence


Message History

The adder poisons you!
You hit Terence but do no damage. You barely miss the adder.
You feel very sick. The adder bites you.
You are more poisoned.
The adder poisons you! You block Terence's attack. The adder barely misses you.
Terence closely misses you.
You barely miss Terence. You closely miss the adder.
You feel very sick. You block the adder's attack. Terence barely misses you.
The adder barely misses you.
You hit Terence.
Terence is lightly wounded.
You closely miss the adder.
You feel sick. The adder bites you but does no damage.
You block Terence's attack. You block the adder's attack. Terence misses you.
You hit Terence but do no damage.
Terence is lightly wounded.
Your shield prevents you from hitting the adder.
You feel sick. The adder bites you but does no damage.
You block Terence's attack. The adder barely misses you.
You hit Terence but do no damage.
Terence is lightly wounded.
You miss the adder.
You feel sick. Terence hits you with a +0 trident!
* * * LOW HITPOINT WARNING * * *
The adder bites you but does no damage. Terence barely misses you.
The adder bites you but does no damage.
You are too injured to fight recklessly!
You closely miss Terence.
Terence is lightly wounded.
You closely miss the adder.
You feel sick.
You are no longer poisoned.
The adder bites you but does no damage. Terence barely misses you.
The adder bites you but does no damage.
You hit Terence but do no damage.
Terence is lightly wounded.
You closely miss the adder. Terence hits you with a +0 trident!
* * * LOW HITPOINT WARNING * * *
The adder closely misses you. Terence hits you with a +0 trident.
You die...

######### ........#
#######.################
.....<..........@@..[...
.................S....>.
......#.######[#########
.#....#.# #.......#.#
.#....#.###.##.##.#(###
................#.....#
.#.......##.....#+#...#
.#.......##...#.......#
.####.................#


You could see Terence and an adder.

Vanquished Creatures
  6 adders
  A worm (D:2)
  A dart slug (D:1)
  2 endoplasms
  2 giant cockroaches
  2 goblins
  3 hobgoblins
  5 jackals
  7 kobolds
  2 quokkas
  3 ball pythons
  5 bats (D:1)
  3 frilled lizards
  4 rats
46 creatures vanquished.

Notes
Turn   | Place    | Note
-------+----------+-------------------------------------------
     0 | D:1      | thedisplayname the Hill Orc Fighter began the quest for the
                  | Orb.
     0 | D:1      | Reached XP level 1. HP: 19/19 MP: 1/1
   218 | D:1      | Reached XP level 2. HP: 10/27 MP: 2/2
  1223 | D:2      | Reached XP level 3. HP: 31/33 MP: 3/3
  1528 | D:2      | Reached XP level 4. HP: 31/40 MP: 4/4
  3146 | D:3      | Noticed Terence
  3160 | D:3      | Slain by Terence

Illustrated notes

Levels and vault maps discovered:
D:1:      dpeg_arrival_tiny_i, layout_basic, minmay_misc_feat_square
D:2:      layout_basic, interstate_on_off, corexii_leaking_fountain
D:3:      layout_basic, lemuel_another_geyser, uniq_terence

Skill      XL: |  1  2  3 |
---------------+----------+-----
Axes           | 3 4 |  4.5
Fighting       | 4 |  4.3
Armour         | |  3.9
Shields        | |  3.9

Action                   |  1- 3 |  4- 6 || total
-------------------------+-------+-------++-------
Melee: War axe           |    75 |    48 ||   123
  Use: Potion            |     1 |     1 ||     2
       Scroll            |       |     4 ||     4
Armor: Scale mail        |    54 |    26 ||    80
Dodge: Dodged            |    23 |    25 ||    48
Block: Kite shield       |    53 |    18 ||    71

Table legend: (Time is in decaauts)
 A = Elapsed time spent in this place.
 B = Non-inter-level travel time spent in this place.
 C = Inter-level travel time spent in this place.
 D = Time resting spent in this place.
 E = Time spent auto-exploring this place.
 F = Levels seen in this place.
 G = Mean time per level.
                   A        B        C        D        E       F      G
               +--------+--------+--------+--------+--------+-----+--------+
         Total |   3225 |   3123 |    102 |    937 |   1794 |   3 | 1075.0 |
       Dungeon |   3225 |   3123 |    102 |    937 |   1794 |   3 | 1075.0 |
               +--------+--------+--------+--------+--------+-----+--------+

Top non-repeatable levels by time:
     D:2: 1513 daAuts
     D:1: 1239 daAuts
     D:3: 472 daAuts
